 Dungeon Crawl Stone Soup version 0.25.0-9-g26727b657a (webtiles) character file.

Game seed: 15801087658548498923

1068 nihilominus the Sneak (level 8, -4/46 HPs)
             Began as an Octopode Wizard on June 15, 2020.
             Was a Believer of Vehumet.
             Slain by a yak (10 damage)
             ... on level 7 of the Dungeon on June 16, 2020.
             The game lasted 00:31:01 (9416 turns).

nihilominus the Sneak (Octopode Wizard)             Turns: 9416, Time: 00:31:02

Health: -4/46      AC:  1    Str:  6    XL:     8   Next: 28%
Magic:  11/15      EV: 15    Int: 20    God:    Vehumet [**....]
Gold:   147        SH:  0    Dex: 13    Spells: 7/16 levels left

rFire    . . .     SeeInvis .   p - +1 hand axe (flame)
rCold    + . .     Gourm    .   (no shield)
rNeg     . . .     Faith    .   a - +0 hat
rPois    .         Spirit   .   (no amulet)
rElec    .         Reflect  .   y - ring of protection from cold
rCorr    .         Harm     .   (no ring)
MR       .....                  (no ring)
Stlth    ++++......             (no ring)
HPRegen  0.15/turn              (no ring)
MPRegen  0.14/turn              (no ring)
                                (no ring)
                                (no ring)

@: no status effects
A: almost no armour, stealthy swim, amphibious, 8 rings, constrict 8, camouflage
1, gelatinous body 1
a: Renounce Religion


You were on level 7 of the Dungeon.
You worshipped Vehumet.
Vehumet was pleased with you.
You were near starving.

You visited 1 branch of the dungeon, and saw 7 of its levels.
You also visited: Sewer.

You collected 262 gold pieces.
You spent 115 gold pieces at shops.

Inventory:

Hand Weapons
 p - a +1 hand axe of flaming (weapon)
Armour
 a - a +0 hat (worn)
 f - a +0 tower shield
Jewellery
 y - a ring of protection from cold (left tentacle)
 A - a +6 ring of strength {unknown}
Scrolls
 d - 3 scrolls of fog
 g - 8 scrolls of remove curse
 h - a scroll of random uselessness
 j - 12 scrolls of identify
 s - a scroll of teleportation
 t - a scroll of immolation {unknown}
 w - 2 scrolls of enchant armour {unknown}
 B - a scroll of blinking {unknown}
Potions
 b - 5 potions of curing
 c - a potion of flight {unknown}
 e - 4 potions of brilliance {unknown}
 i - a potion of degeneration {unknown}
 k - 2 potions of lignification {unknown}
 l - a potion of invisibility {unknown}
 m - a potion of mutation {unknown}
 n - 2 potions of resistance
 o - 2 potions of stabbing {unknown}
 q - a potion of might {unknown}
 r - 4 potions of heal wounds {unknown}
 u - a potion of berserk rage {unknown}
 v - a potion of ambrosia {unknown}
 z - a potion of haste {unknown}
Comestibles
 x - 6 rations


   Skills:
 + Level 4.5 Dodging
 + Level 6.5 Stealth
 + Level 4.9 Spellcasting
 * Level 5.9 Conjurations
 - Level 1.0 Summonings
 - Level 1.0 Translocations


You had 7 spell levels left.
You knew the following spells:

 Your Spells              Type           Power        Failure   Level  Hunger
a - Magic Dart            Conj           ####         1%          1    None
b - Blink                 Tloc           N/A          12%         2    #......
c - Call Imp              Summ           #.......     12%         2    #......
d - Shock                 Conj/Air       ###.         3%          1    None
e - Conjure Flame         Conj/Fire      ###.....     11%         3    ##.....

Your spell library contained the following spells:

 Spells                   Type           Power        Failure   Level  Hunger
 Freeze                   Ice            #...         12%         1    None
 Mephitic Cloud           Conj/Pois/Air  ##......     16%         3    ##.....
 Slow                     Hex            #.......     19%         2    #......


Dungeon Overview and Level Annotations

Branches:
Dungeon (7/15)             Temple (0/1) D:6           Sewer (visited)

Altars:
Ashenzari
Cheibriados
Dithmenos
Hepliaklqana
Kikubaaqudgha
Okawaru
Ru
Trog
Uskayaw
Vehumet
Wu Jian
Xom
Yredelemnul

Shops:
D:4 !   D:5 ([??


Innate Abilities, Weirdness & Mutations

You cannot wear most types of armour.
You are very stealthy in the water. (Stealth+)
You are amphibious.
You can wear up to eight rings at the same time.
You can use your tentacles to constrict eight enemies at once.
Your skin changes colour to match your surroundings (Stealth+).
Your rubbery body absorbs attacks. (AC +1, EV +1)


Message History

The yak is heavily wounded.
The yak closely misses you.
Your crimson imp hits the yak but does no damage.
Unknown command.
Okay, then.
The yak gores your crimson imp!
Your crimson imp dies!
The yak is engulfed in blazing flames.
The yak barely misses you.
There is an open door here.
The yak gores you! The yak gores you! The yak closely misses you.
The yak completely misses you. The yak gores you. The yak gores you!
* * * LOW HITPOINT WARNING * * *
There is a stone staircase leading up here.
The yak gores you but does no damage. The yak gores you!
You die...

.'...........#..#......'..#
##........Y..#..##..####..#
......#######...########..#
......# #...##........#
......# #...##........#
......# #####Y..##..####'##
####### #....#.Y######....#
#....#.YY#........#
#....'.Y@#........#
#....############## ######


You could see 5 yaks.

Vanquished Creatures
  Menkaure (D:4)
  A big kobold (Sewer)
  2 scorpions
  A centaur zombie (D:7)
  A bullfrog zombie (D:5)
  A bullfrog skeleton (D:4)
  2 orc priests (D:5)
  2 iguanas
  7 worker ants
  2 orc wizards (D:5)
  A hound skeleton (D:6)
  A river rat (D:3)
  10 adders
  A shadow imp (D:6)
  An ooze (Sewer)
  2 worms
  3 dart slugs
  5 leopard geckos
  8 orcs
  8 giant cockroaches
  12 goblins
  7 hobgoblins
  7 jackals
  3 quokkas
  5 ball pythons
  5 bats
  5 frilled lizards
  17 kobolds
  A quokka skeleton (D:5)
  A quokka zombie (D:3)
  7 rats
  A plant (D:5)
131 creatures vanquished.

Vanquished Creatures (collateral kills)
  An ice beast (D:6)
  2 big kobolds (Sewer)
  A centaur zombie (D:5)
  2 leopard geckos
  2 kobolds
8 creatures vanquished.

Grand Total: 139 creatures vanquished

Notes
Turn   | Place    | Note
-------+----------+-------------------------------------------
     0 | D:1      | nihilominus the Octopode Wizard began the quest for the
                  | Orb.
     0 | D:1      | Reached XP level 1. HP: 11/11 MP: 4/4
   306 | D:1      | Reached XP level 2. HP: 3/17 MP: 3/6
   608 | D:1      | Reached skill level 3 in Stealth
  1215 | D:1      | Reached XP level 3. HP: 21/21 MP: 3/7
  1977 | D:2      | Found a basalt altar of Yredelemnul.
  1977 | D:2      | Found a radiant altar of Vehumet.
  1978 | D:2      | Found a shattered altar of Ashenzari.
  2001 | D:2      | Found an iron altar of Okawaru.
  2012 | D:2      | Became a worshipper of Vehumet
  2119 | D:2      | Reached XP level 4. HP: 22/27 MP: 2/9
  2331 | D:2      | Learned a level 2 spell: Blink
  2334 | D:2      | Learned a level 2 spell: Call Imp
  2944 | D:3      | Reached XP level 5. HP: 27/31 MP: 5/10
  2955 | D:3      | Reached skill level 4 in Stealth
  3140 | D:3      | Found a glowing drain.
  3143 | D:3      | Reached * piety under Vehumet
  3143 | D:3      | Offered knowledge of Shock by Vehumet.
  3178 | Sewer    | Entered a sewer
  3591 | Sewer    | Noticed a big kobold
  3607 | Sewer    | Killed a big kobold
  3697 | Sewer    | Noticed a big kobold
  3697 | Sewer    | Noticed a big kobold
  3727 | Sewer    | Killed a big kobold
  3727 | Sewer    | Reached XP level 6. HP: 30/36 MP: 1/11
  4303 | D:3      | Found a shimmering altar of Xom.
  4314 | D:3      | Found a hazy altar of Hepliaklqana.
  4315 | D:3      | Found a bloodstained altar of Trog.
  4339 | D:3      | Found an ancient bone altar of Kikubaaqudgha.
  4339 | D:3      | Found a snail-covered altar of Cheibriados.
  4706 | D:4      | Learned a level 1 spell: Shock
  5037 | D:4      | Reached skill level 5 in Stealth
  5435 | D:4      | Noticed Menkaure
  5450 | D:4      | Killed Menkaure
  5450 | D:4      | Offered knowledge of Freeze by Vehumet.
  5450 | D:4      | Reached XP level 7. HP: 22/41 MP: 3/13
  5450 | D:4      | Reached ** piety under Vehumet
  6019 | D:4      | Found a shadowy altar of Dithmenos.
  6211 | D:4      | Learned a level 3 spell: Conjure Flame
  6266 | D:4      | Found Emaupp's Distillery.
  6394 | D:5      | Entered Level 5 of the Dungeon
  6487 | D:5      | Found a hide-covered altar of Uskayaw.
  6516 | D:5      | Found Facuwk's Magic Scroll Emporium.
  6525 | D:5      | Bought a scroll of teleportation for 33 gold pieces
  6525 | D:5      | Bought a scroll of enchant weapon for 82 gold pieces
  6534 | D:5      | Reached skill level 5 in Conjurations
  6582 | D:5      | Found Yrphecaim's Magic Scroll Emporium.
  6867 | D:5      | Found Jaukk's Antique Weapon Shop.
  7043 | D:5      | Found a shadowy altar of Dithmenos.
  7123 | D:5      | Reached skill level 6 in Stealth
  7268 | D:5      | Found Oshrau's Antique Armour Shoppe.
  7360 | D:5      | Reached XP level 8. HP: 43/46 MP: 5/14
  8857 | D:6      | Found a staircase to the Ecumenical Temple.
  8874 | D:6      | Found an ornate altar of the Wu Jian Council.
  9098 | D:7      | Found a sacrificial altar of Ru.
  9199 | D:7      | Noticed a yak
  9199 | D:7      | Noticed a yak
  9199 | D:7      | Noticed a yak
  9199 | D:7      | Noticed a yak
  9199 | D:7      | Noticed a yak
  9244 | D:7      | Upgraded the game from 0.25.0-3-gd7cc5688da to
                  | 0.25.0-9-g26727b657a
  9416 | D:7      | Slain by a yak

Illustrated notes

Levels and vault maps discovered:
D:1:      lightli_arrival_flooded_house, layout_basic, minmay_crystal_water
D:2:      layout_rooms, nicolae_overflow_quartered_altars, minmay_domino_2
D:3:      layout_rooms, grunt_temple_overflow_open, first_ration,
          portal_sewer_entry_b, st_stairs_5
D:4:      layout_basic, serial_shops, kennysheep_little_box,
          nicolae_dithmenos_through_a_glass_darkly, uniq_menkaure
D:5:      layout_basic, eat_drink_and_be_merry_uskayaw, serial_shops,
          kennysheep_mini_moat, shop, nicolae_shop_competitors_out_of_business,
          nicolae_shop_overgrown_old_shop, basic_altar, serial_curves,
          eino_curves_04, eino_curves_02
D:6:      corexii_shack_village, layout_cave_pools, old_standard_altar,
          minmay_temple_entry_antechambers, minmay_misc_feat_enclosed
D:7:      layout_gridville, old_standard_altar, old_standard_altar

Skill      XL: |  1  2  3  4  5  6  7 |
---------------+----------------------+-----
Stealth        | 3 4 5 6 |  6.5
Conjurations   | 2 3 4 5 |  5.9
Dodging        | 3 4 |  4.5
Spellcasting   | 4 |  4.9
Summonings     | |  1.0
Translocations | |  1.0

Action                   |  1- 3 |  4- 6 |  7- 9 || total
-------------------------+-------+-------+-------++-------
Melee: Unarmed           |    25 |       |       ||    25
       Constrict         |     6 |    12 |     5 ||    23
       Tentacles         |     1 |     1 |     5 ||     7
       Whip              |       |    17 |       ||    17
       Hand axe          |       |    11 |    28 ||    39
 Cast: Magic Dart        |    73 |   114 |   169 ||   356
       Call Imp          |       |    10 |    12 ||    22
       Blink             |       |     3 |     1 ||     4
       Shock             |       |    29 |       ||    29
       Conjure Flame     |       |       |     1 ||     1
  Use: Scroll            |     6 |     1 |     4 ||    11
  Eat: Chunk             |     3 |       |     1 ||     4
       Ration            |     1 |     3 |     2 ||     6
Armor: Skin              |       |     6 |     2 ||     8
Dodge: Dodged            |    16 |    61 |    47 ||   124
